 Dungeon Crawl Stone Soup version 0.22.1-1-ga44c0e56f4 (webtiles) character file.

5811 FartswordsRevenge the Cleaver (level 10, 0/91 HPs)
             Began as a Hill Orc Fighter on Oct 31, 2018.
             Was a Believer of Beogh.
             Slain by a troll (3 damage)
             ... on level 9 of the Dungeon.
             The game lasted 01:38:45 (10909 turns).

FartswordsRevenge the Cleaver (Hill Orc Fighter)   Turns: 10909, Time: 01:38:45

Health: 0/91       AC: 10    Str: 23    XL:     10   Next: 79%
Magic:  11/11      EV:  7    Int: 12    God:    Beogh [**....]
Gold:   371        SH: 17    Dex: 10    Spells: 9/9 levels left

rFire    . . .     SeeInvis .   S - +3 hand axe (freeze) (curse)
rCold    . . .     Gourm    .   h - +0 large shield
rNeg     . . .     Faith    .   x - +1 acid dragon scales
rPois    .         Spirit   .   (no helmet)
rElec    .         Reflect  .   M - +0 cloak
rCorr    +         Harm     .   (no gloves)
MR       .....                  (no boots)
Stlth    +.........             o - amulet of the acrobat
HPRegen  0.25/turn              m - ring of flight
MPRegen  0.12/turn              q - +4 ring of intelligence

@: no status effects
A: no striking features
a: Smiting, Renounce Religion, Evoke Flight


You were on level 9 of the Dungeon.
You worshipped Beogh.
Beogh was pleased with you.
You were not hungry.

You visited 2 branches of the dungeon, and saw 10 of its levels.
You also visited: Sewer.

You collected 371 gold pieces.

Inventory:

Hand Weapons
 S - a cursed +3 hand axe of freezing (weapon)
Missiles
 w - 3 tomahawks (quivered)
Armour
 c - a +0 plate armour
 h - a +0 large shield (worn)
 x - +1 acid dragon scales (worn)
 M - a +0 cloak (worn)
Magical Staves
 A - an uncursed staff of fire {unknown}
 E - an uncursed staff of power {unknown}
Jewellery
 m - a ring of flight (left hand)
 o - an amulet of the acrobat (around neck)
 q - a +4 ring of intelligence (right hand)
 D - a +5 ring of intelligence
 I - an uncursed amulet of the gourmand {unknown}
 J - an uncursed ring of ice {unknown}
 K - an uncursed ring of resist corrosion {unknown}
Wands
 a - a wand of flame (31)
 n - a wand of enslavement (14)
 s - a wand of polymorph (14)
 z - a wand of paralysis (17)
 G - a wand of iceblast (7)
Scrolls
 b - 2 scrolls of identify
 g - a scroll of magic mapping
 i - 2 scrolls of fog
 l - 5 scrolls of teleportation
 u - 2 scrolls of fear
 y - 4 scrolls of enchant weapon
 F - 2 scrolls of enchant armour
Potions
 d - 2 potions of might
 e - a potion of magic {unknown}
 j - 3 potions of curing
 k - 4 potions of haste
 p - 2 potions of ambrosia {unknown}
 r - a potion of heal wounds {unknown}
 t - 2 potions of brilliance {unknown}
 v - 2 potions of berserk rage {unknown}
 B - a potion of cancellation
 C - a potion of degeneration {unknown}
 H - 2 potions of mutation {unknown}
 L - a potion of invisibility {unknown}
 N - 2 potions of lignification {unknown}
Comestibles
 f - 7 rations


   Skills:
 + Level 9.2 Fighting
 + Level 11.8 Axes
 + Level 1.2 Throwing
 + Level 9.0 Armour
 + Level 8.9 Shields
 + Level 2.1 Invocations


You had 9 spell levels left.
You didn't know any spells.
Your spell library contained the following spells:

 Spells                   Type           Power        Failure   Level  Hunger
 Poisonous Vapours        Pois/Air       #.....       99%         2    ###....
 Shroud of Golubria       Chrm/Tloc      #.........   99%         2    ###....
 Ignite Poison            Fire/Tmut/Pois #.......     100%        3    ####...
 Ozocubu's Armour         Chrm/Ice       #.......     100%        3    ####...
 Regeneration             Chrm/Necr      #.........   100%        3    ####...


Dungeon Overview and Level Annotations

Branches:
Dungeon (9/15)             Temple (1/1) D:7            Lair (0/6) D:8
    Orc: D:9-12

Altars:
Ashenzari
Cheibriados
Dithmenos
Elyvilon
Fedhas
Gozag
Hepliaklqana
Kikubaaqudgha
Makhleb
Nemelex Xobeh
Okawaru
Qazlal
Ru
Sif Muna
Trog
Uskayaw
Vehumet
Wu Jian
Yredelemnul
Zin
The Shining One


Message History

The worker ant is almost dead.
You hit the troll but do no damage. The worker ant barely misses you.
The troll bites you. The troll barely misses you. The troll claws you.
* * * LOW HITPOINT WARNING * * *
You completely miss the worker ant.
The worker ant is almost dead.
You closely miss the troll. You block the worker ant's attack.
The troll bites you but does no damage. You block the troll's attack. x2
You hit the worker ant. You freeze the worker ant.
The worker ant is almost dead.
You slash the troll! You freeze the troll.
The worker ant waves its antennae.
You block the worker ant's attack. The troll bites you!
* * * LOW HITPOINT WARNING * * *
You block the troll's attack. The troll claws you!
* * * LOW HITPOINT WARNING * * *
You feel better. You block the worker ant's attack. The troll bites you!
* * * LOW HITPOINT WARNING * * *
The troll claws you.
You die...

#.# #.# #.# #T.
#.# #.# #.#
######(####
#.@T)<)...#
#a####[##.#
#.#....)..#
...............
.....##........
#.#.#.
#.#...... #.#.#
#.##.#### #.#.
#.# .# #.# .#


You could see a troll and a worker ant.

Vanquished Creatures
  A two-headed ogre (D:7)
  Pikel (D:8)
  Grinder (D:6)
  Prince Ribbit (D:6)
  3 hungry ghosts
  Edmund (D:6)
  A porcupine (D:8)
  A water moccasin (D:6)
  2 slaves (D:8)
  3 sky beasts (D:5)
  3 orc warriors
  A phantom (D:8)
  3 black bears
  2 necrophages
  2 centaurs (D:5)
  2 crocodiles (D:8)
  5 big kobolds
  5 bullfrogs
  A water moccasin zombie (D:6)
  A water moccasin skeleton (D:5)
  2 scorpions
  11 wights
  2 crimson imps
  3 hounds (D:8)
  6 orc priests
  A jelly (D:8)
  A gnoll shaman (D:8)
  3 orc wizards
  A centaur skeleton (D:5)
  3 worker ants
  8 adders
  7 gnolls
  3 river rats
  9 oozes
  3 worms
  3 dart slugs
  2 leopard geckos
  24 orcs
  9 giant cockroaches
  4 hobgoblins
  3 jackals (D:5)
  2 quokkas
  9 ball pythons
  5 bats
  6 frilled lizards
  4 goblins
  8 kobolds
  2 quokka skeletons
  19 rats
  5 fungi (D:8)
  3 plants (D:8)
211 creatures vanquished.

Notes
Turn   | Place    | Note
-------+----------+-------------------------------------------
     0 | D:1      | FartswordsRevenge the Hill Orc Fighter began the quest for
                  | the Orb.
     0 | D:1      | Reached XP level 1. HP: 19/19 MP: 1/1
    40 | D:1      | Reached skill level 3 in Axes
    52 | D:1      | Reached XP level 2. HP: 17/27 MP: 2/2
   777 | D:1      | Reached skill level 4 in Axes
   822 | D:1      | Reached XP level 3. HP: 33/33 MP: 3/3
  1243 | D:2      | Reached skill level 5 in Axes
  1313 | D:2      | Reached XP level 4. HP: 33/40 MP: 4/4
  1737 | D:2      | Reached skill level 6 in Axes
  2083 | D:3      | Reached XP level 5. HP: 33/46 MP: 5/5
  2205 | D:3      | Became a worshipper of Beogh the Brigand
  2214 | D:3      | Reached skill level 7 in Axes
  2223 | D:3      | Found a glowing drain.
  2270 | Sewer    | Entered a sewer
  2670 | Sewer    | Reached XP level 6. HP: 30/52 MP: 6/6
  2869 | Sewer    | Reached skill level 8 in Axes
  3292 | Sewer    | Reached XP level 7. HP: 57/59 MP: 7/7
  3463 | D:3      | Reached * piety under Beogh
  4185 | D:4      | Found a sparkling altar of Nemelex Xobeh.
  4947 | D:4      | Found a glowing silver altar of Zin.
  4953 | D:4      | Found a sacrificial altar of Ru.
  4983 | D:4      | Found an opulent altar of Gozag.
  5153 | D:5      | Entered Level 5 of the Dungeon
  5252 | D:5      | Found an ornate altar of the Wu Jian Council.
  5336 | D:5      | Reached skill level 5 in Armour
  5546 | D:5      | Reached skill level 9 in Axes
  5546 | D:5      | Reached skill level 5 in Shields
  5802 | D:5      | Reached XP level 8. HP: 64/66 MP: 8/8
  6724 | D:6      | Reached skill level 5 in Fighting
  6724 | D:6      | Reached skill level 10 in Axes
  6954 | D:6      | Found an iron altar of Okawaru.
  6980 | D:6      | Noticed Prince Ribbit
  7018 | D:6      | Killed Prince Ribbit
  7018 | D:6      | Reached ** piety under Beogh
  7018 | D:6      | Reached XP level 9. HP: 56/75 MP: 9/9
  7275 | D:6      | Noticed Edmund
  7297 | D:6      | Killed Edmund
  7449 | D:6      | Found a deep blue altar of Sif Muna.
  7523 | D:6      | You fall through a shaft!
  7548 | D:6      | Noticed Grinder
  7606 | D:6      | Killed Grinder
  8848 | D:7      | Found a staircase to the Ecumenical Temple.
  8971 | D:7      | Found a hazy altar of Hepliaklqana.
  8978 | D:7      | Found a burning altar of Makhleb.
  8978 | D:7      | Found a shattered altar of Ashenzari.
  8986 | D:7      | Found a stormy altar of Qazlal.
  9147 | D:7      | Reached skill level 11 in Axes
  9181 | D:7      | Identified the Grimoire of Noxious Good Luck
  9464 | D:8      | Reached XP level 10. HP: 64/86 MP: 10/10
  9664 | D:8      | Found a staircase to the Lair.
 10085 | D:8      | Noticed a two-headed ogre
 10133 | D:7      | Killed a two-headed ogre
 10320 | Temple   | Entered the Ecumenical Temple
 10562 | D:8      | Noticed Pikel
 10586 | D:8      | Killed Pikel
 10586 | D:8      | Reached skill level 1 in Throwing
 10586 | D:8      | Reached skill level 1 in Invocations
 10792 | D:8      | Noticed a skeletal warrior
 10909 | D:9      | HP: 3/91 [troll (15)]
 10909 | D:9      | Slain by a troll

Skill      XL: |  1  2  3  4  5  6  7  8  9 10 |
---------------+-------------------------------+-----
Axes           | 3 4 5 6 7 8 9 10 11 | 11.8
Fighting       | 4 5 7 9 |  9.2
Armour         | 4 5 6 8 9 |  9.0
Shields        | 4 5 6 8 |  8.9
Throwing       | 1 |  1.2
Invocations    | 2 |  2.1

Action                   |  1- 3 |  4- 6 |  7- 9 | 10-12 || total
-------------------------+-------+-------+-------+-------++-------
Melee: War axe           |    89 |   250 |   346 |       ||   685
       Hand axe          |       |       |    64 |   208 ||   272
Throw: Tomahawk          |       |       |    10 |     5 ||    15
Invok: Convert to Beogh  |       |     1 |       |       ||     1
Evoke: Wand              |       |       |       |     1 ||     1
  Use: Potion            |       |     1 |     2 |     3 ||     6
       Scroll            |       |       |    16 |     1 ||    17
  Eat: Chunk             |     1 |     7 |     4 |     4 ||    16
       Ration            |       |       |     6 |     1 ||     7
Armor: Scale mail        |    39 |     3 |       |       ||    42
       Chain mail        |       |   111 |    67 |       ||   178
       Acid dragon scale |       |       |    56 |    21 ||    77
Dodge: Dodged            |    29 |    46 |    92 |    27 ||   194
Block: Shield            |    39 |   136 |   148 |       ||   323
       Large shield      |       |       |     8 |   101 ||   109
